 Dungeon Crawl Stone Soup version 0.21.1-1-g345015f (webtiles) character file.

85 Kairos the Shield-Bearer (level 4, -1/35 HPs)
             Began as a Human Fighter on Apr 1, 2018.
             Slain by a goblin (2 damage)
             ... led by Robin
             ... on level 2 of the Dungeon.
             The game lasted 00:01:32 (1310 turns).

Kairos the Shield-Bearer (Human Fighter)            Turns: 1310, Time: 00:01:32

Health: -1/35      AC:  5    Str: 17    XL:     4   Next: 75%
Magic:  13/13      EV:  9    Int:  8    God:
Gold:   44         SH:  9    Dex: 13    Spells: 3/3 levels left

rFire    . . .     SeeInvis .   a - +0 war axe
rCold    . . .     Gourm    .   c - +0 shield
rNeg     . . .     Faith    .   n - +2 leather armour {MR+}
rPois    .         Spirit   .   (no helmet)
rElec    .         Reflect  .   (no cloak)
rCorr    .         Harm     .   (no gloves)
MR       +....                  (no boots)
Stlth    +.........             (no amulet)
HPRegen  0.11/turn              o - ring of magical power
MPRegen  0.13/turn              (no ring)

@: no status effects
A: no striking features
a: no special abilities


You were on level 2 of the Dungeon.
You were hungry.

You visited 1 branch of the dungeon, and saw 2 of its levels.

You collected 44 gold pieces.

Inventory:

Hand Weapons
 a - a +0 war axe (weapon)
Missiles
 r - 5 tomahawks (quivered)
Armour
 b - a +0 scale mail
 c - a +0 shield (worn)
 n - a +2 leather armour of magic resistance (worn)
Jewellery
 o - a ring of magical power (left hand)
Scrolls
 h - a scroll of fear {unknown}
 i - a scroll of identify {unknown}
 k - a scroll of remove curse {unknown}
 m - a scroll of enchant armour {unknown}
 q - a scroll of fog {unknown}
Potions
 d - a potion of might
 e - a potion of ambrosia {unknown}
 g - a potion of haste {unknown}
 j - a potion of brilliance {unknown}
 l - 3 potions of curing {unknown}
 p - a potion of mutation {unknown}
Comestibles
 f - a ration


   Skills:
 + Level 3.4 Fighting
 + Level 3.0 Axes
 + Level 3.3 Armour
 + Level 0.4 Dodging
 + Level 0.4 Stealth
 + Level 3.7 Shields


You had 3 spell levels left.
You didn't know any spells.

Dungeon Overview and Level Annotations

Branches:
Dungeon (2/15)

Altars:

Annotations:
D:2 Robin


Message History

* * * LOW HITPOINT WARNING * * *
Robin throws the goblin at you! You block the goblin's attack.
The goblin hits you.
* * * LOW HITPOINT WARNING * * *
The hobgoblin hits you but does no damage.
Robin barely misses you.
You hit Robin.
Robin is lightly wounded.
You closely miss the goblin. x2; You hit the hobgoblin but do no damage.
The goblin barely misses you. The goblin hits you but does no damage.
The hobgoblin hits you with a club.
* * * LOW HITPOINT WARNING * * *
Robin closely misses you. The goblin hits you.
* * * LOW HITPOINT WARNING * * *
You barely miss Robin.
Robin is lightly wounded.
You barely miss the goblin. You hit the goblin.
You kill the goblin!
You hit the hobgoblin. The goblin hits you.
You die...

##### #...# #.........
########...####.........
#.......................
......##...##...........
.####<........#.........
...#####...............
##.......##....†g..##..
######..#....)g@..#... ##
###.......†.g....>.. .#
##......#....).......
.###.......#............#
.......###..............#
.#.......##.............#
..#...##.##.............#
#...#...................#
.##
...####........#.#......#
..#


You could see Robin, a hobgoblin and a goblin.

Vanquished Creatures
  Terence (D:2)
  An adder (D:2)
  An ooze (D:2)
  A dart slug (D:1)
  A ball python (D:2)
  3 bats
  2 giant cockroaches (D:1)
  9 goblins
  7 hobgoblins
  4 jackals (D:1)
  5 kobolds
  A quokka (D:2)
  A frilled lizard (D:1)
  4 rats
41 creatures vanquished.

Notes
Turn   | Place    | Note
-------+----------+-------------------------------------------
     0 | D:1      | Kairos the Human Fighter began the quest for the Orb.
     0 | D:1      | Reached XP level 1. HP: 18/18 MP: 1/1
   134 | D:1      | Reached XP level 2. HP: 19/24 MP: 2/2
   562 | D:1      | Reached XP level 3. HP: 29/29 MP: 3/3
  1167 | D:2      | Reached XP level 4. HP: 35/35 MP: 4/4
  1204 | D:2      | Noticed Terence
  1213 | D:2      | Killed Terence
  1299 | D:2      | Noticed Robin
  1309 | D:2      | HP: 1/35 [goblin[Robin] (1)]
  1310 | D:2      | Slain by a goblin

Skill      XL: |  1  2  3  4 |
---------------+-------------+-----
Axes           | 3 |  3.0
Fighting       | |  3.4
Armour         | |  3.3
Dodging        | |  0.4
Stealth        | |  0.4
Shields        | |  3.7

Action                   |  1- 3 |  4- 6 || total
-------------------------+-------+-------++-------
Melee: War axe           |    70 |    32 ||   102
  Eat: Chunk             |       |     1 ||     1
Armor: Scale mail        |    11 |       ||    11
       Leather armour    |    16 |    14 ||    30
Dodge: Dodged            |    19 |    17 ||    36
Block: Shield            |    32 |    34 ||    66
